Map: Addestramento Void Fase 2

Players

Jhyrachy - Winner!

  • Race: Zerg Zerg
  • League: Gold

Giocatore 2

  • Race: Terran Terran

VOD

Have the link to the VOD?

Description

Time

  • Played on: May 13, 2016, 2:39 p.m.
  • Length: 16:43
Show
View Real Time Build Order
Export as new Build Order

Jhyrachy Zerg - Winner!

Build Orders: Hatch First 

Get SALT Encoding   

  12  0:01  Drone  
  13  0:08  Drone  
  14  0:17  Overlord  
  14  0:35  Drone x3  
  17  0:55  Drone  
  18  1:00  Hatchery  
  17  1:12  Spawning Pool  
  17  1:13  Drone  
  17  1:18  Extractor  
  17  1:19  Drone  
  17  1:24  Drone  
  18  1:30  Drone  
  19  1:45  Drone  
  20  1:51  Overlord  
  20  2:00  Queen  
  22  2:12  Queen  
  22  2:13  Drone x2  
  26  2:16  Drone  
  26  2:21  Extractor  
  26  2:23  Drone x2  
  26  2:27  Metabolic Boost  
  28  2:38  Drone x2  
  28  2:42  Extractor  
  29  2:45  Drone x2  
  29  2:46  Extractor  
  30  2:56  Drone  
  31  3:02  Drone  
  32  3:07  Overlord  
  32  3:08  Drone  
  33  3:32  Drone x2  
  33  3:33  Drone x5  
  40  4:04  Drone  
  40  4:06  Drone x2  
  43  4:19  Overlord x2  
  43  4:25  Drone  
  44  4:36  Queen  
  44  4:37  Hatchery  
  45  4:39  Drone x5  
  45  4:44  Overlord  
  50  4:55  Drone x3  
  50  4:56  Drone x4  
  57  5:03  Lair  
  57  5:05  Overlord  
  57  5:21  Queen  
  59  5:24  Drone x7  
  66  5:58  Extractor  
  66  5:59  Queen  
  66  6:00  Extractor  
  66  6:10  Drone x3  
  66  6:11  Drone x3  
  72  6:12  Drone x4  
  76  6:26  Overlord x3  
  76  6:36  Zergling x12  
  82  6:53  Roach Warren  
  81  6:58  Baneling Nest  
  81  7:01  Zergling x28  
  94  7:17  Overlord x3  
  93  7:39  Glial Reconstitution, Burrow  
  93  7:41  Centrifical Hooks  
  93  7:48  Hatchery  
  92  8:57  Roach  
  92  8:58  Roach x17  
  92  9:01  Overlord x2  
  128  9:03  Tunneling Claws  
  128  9:09  Extractor  
  127  9:11  Extractor  
  125  9:46  Drone x15  
  140  9:56  Lair  
  140  10:07  Drone x3  
  140  10:13  Overlord x2  
  143  10:42  Queen  
  143  10:45  Drone  
  146  10:52  Hatchery  
  145  11:44  Extractor  
  144  11:49  Extractor  
  143  12:09  Drone x3  
  143  12:10  Drone x3  
  143  12:13  Drone  
  143  12:14  Drone x14  
  143  12:15  Drone  
  165  12:16  Overlord x4  
  165  12:17  Pneumatized Carapace  
  165  12:46  Hatchery  
  162  13:14  Extractor  
  162  13:17  Extractor  
  160  13:27  Hatchery  
  159  13:40  Drone x3  
  162  13:41  Drone  
  162  13:42  Drone x2  
  162  13:43  Drone x6  
  162  13:44  Drone x10  
  181  14:28  Extractor  
  181  14:29  Extractor  
  179  14:48  Queen x4  
  187  14:53  Drone  
  187  14:54  Drone x2  
  187  14:55  Drone x3  
  189  15:57  Extractor  
  189  16:00  Hatchery  
  187  16:04  Extractor  
Show
View Real Time Build Order
Export as new Build Order

Giocatore 2 Terran 

Build Orders:  

Get SALT Encoding   

  12  0:00  SCV  
  13  0:13  SCV  
  14  0:19  Supply Depot  
  14  0:36  Refinery  
  14  0:43  Barracks  
  14  1:06  Supply Depot  
  14  1:13  Refinery  
  14  1:29  Marine  
  14  1:31  Orbital Command  
  15  1:48  Barracks Tech Lab  
  15  1:58  SCV  
  16  2:10  SCV  
  17  2:18  Marine  
  17  2:22  SCV  
  19  2:34  SCV  
  20  2:46  SCV  
  22  2:58  SCV  
  22  3:07  Marauder  
  24  6:53  SCV  
  24  6:54  Marine  
  25  6:55  Supply Depot  
  26  7:05  SCV  
  27  7:10  Command Center  
  27  7:17  SCV  
  28  7:25  Marine  
  28  7:29  SCV  
  26  7:30  Supply Depot  
  25  7:41  SCV  
  26  7:57  Marine  
  26  8:22  SCV  
  26  8:25  Refinery  
  27  8:28  Marine  
  27  8:29  SCV  
  29  8:37  SCV  
  29  8:40  Refinery  
  30  8:44  SCV  
  31  8:51  SCV  
  32  8:58  SCV  
  32  9:00  Marine  
  34  9:05  SCV  
  35  9:12  SCV  
  36  9:20  SCV  
  37  9:27  SCV  
  38  9:33  Marauder  
  38  9:34  SCV  
  20  9:48  SCV  
  18  10:01  Marauder, SCV  
  21  10:13  SCV  
  22  10:25  SCV  
  23  10:32  Marine  
  24  10:37  SCV  
  25  10:44  Command Center  
  25  10:49  SCV  
  26  11:01  SCV  
  27  11:04  Marine  
  28  11:13  Refinery, SCV  
  30  11:25  SCV  
  30  11:35  Marine  
  30  11:37  SCV  
  30  11:38  Refinery  
  32  11:49  SCV  
  33  11:57  SCV  
  34  12:04  SCV  
  34  12:07  Marine  
  36  12:11  SCV  
  37  12:18  SCV  
  38  12:26  Marine, SCV  
  39  12:33  SCV  
  40  12:40  SCV  
  41  12:45  Marauder  
  41  12:48  SCV  
  44  12:55  SCV  
  45  13:02  SCV  
  45  13:05  Supply Depot  
  39  13:06  Marauder  
  41  13:27  Marine  
  42  13:45  Marine  
  42  14:02  Marine  
  43  14:21  Marauder  
  45  14:30  Command Center  
  43  15:10  Marine  
  41  15:27  Marine  
  32  15:45  Marine  
  31  16:04  Marauder  
  33  16:05  Command Center  
  32  16:17  SCV  
  25  16:24  SCV  
Tags
 
Add a new tag
Caveats
  • Supply blocks, unpowered buildings, or Contaminate may cause inaccurate times.
  • Supply counts are checked every 10 seconds.